 Dungeon Crawl Stone Soup version 0.28-a0-1435-g82390b3a13 (webtiles) character file.

Game seed: 12042828609311467759

23 Lekart the Skirmisher (level 2, -5/27 HPs)
             Began as a Draconian Fighter on Jan 9, 2022.
             Killed from afar by Terence (8 damage)
             ... with a puff of flame
             ... on level 2 of the Dungeon.
             The game lasted 00:01:50 (1508 turns).

Lekart the Skirmisher (Draconian Fighter)           Turns: 1508, Time: 00:01:51

Health: -5/27      AC:  4    Str: 18    XL:     2   Next: 72%
Magic:  2/2        EV: 12    Int:  8    God:
Gold:   9          SH:  4    Dex: 10    Spells: 1/1 levels left

rFire   . . .      SeeInvis .   a - +0 long sword
rCold   . . .      Faith    .   b - +0 buckler
rNeg    . . .      Spirit   .   (armour unavailable)
rPois   .          Reflect  .   (helmet restricted)
rElec   .          Harm     .   (no cloak)
rCorr   .          Rampage  .   (no gloves)
Will    .....                   (no boots)
Stlth   +.........              (no amulet)
HPRegen 0.09/turn               (no ring)
MPRegen 0.08/turn               (no ring)

@: mighty
A: AC +4, unfitting armour, cold-blooded
a: no special abilities


You were on level 2 of the Dungeon.
You visited 1 branch of the dungeon, and saw 2 of its levels.

You collected 9 gold pieces.

Inventory:

Hand Weapons
 a - a +0 long sword (weapon)
Armour
 b - a +0 buckler (worn)
Jewellery
 e - a ring of ice
Scrolls
 d - a scroll of identify {unknown}
Potions
 f - a potion of degeneration {unknown}


   Skills:
 * Level 3.7 Fighting
 + Level 2.3 Long Blades
 + Level 3.0 Dodging
 + Level 3.1 Shields


You had one spell level left.
You didn't know any spells.
Your spell library contained the following spells:

 Spells                   Type           Power      Damage    Failure   Level
 Freezing Cloud           Conj/Ice/Air   0%         6-21      100%        5
 Simulacrum               Ice/Necr       0%         N/A       100%        6
 Polar Vortex             Ice            0%         N/A       100%        9


Dungeon Overview and Level Annotations

Branches:
Dungeon (2/15)

Altars:

Annotations:
D:2 Terence


Innate Abilities, Weirdness & Mutations

Your plain brown scales are hard. (AC +4)
You cannot fit into any form of body armour.
You are cold-blooded and may be slowed by cold attacks.


Message History

You hit the hobgoblin.
The hobgoblin is heavily wounded.
The hobgoblin closely misses you. x2
There are monsters nearby!
You slash the hobgoblin!
You kill the hobgoblin!
Terence zaps a wand.
The puff of flame hits you!
Found a stone staircase leading down.
You block Terence's attack.
Terence is nearby!
You hit Terence.
Terence is lightly wounded.
Terence zaps a wand.
The puff of flame hits you.
Terence is nearby!
You hit Terence.
Terence is heavily wounded.
Terence hits you with a +0 flail.
Terence is nearby!
You are too injured to fight recklessly!
Terence is nearby!
You are too injured to fight recklessly!
Terence is nearby!
You are too injured to fight recklessly!
You are too injured to fight recklessly!
You are too injured to fight recklessly!
You slash Terence!
Terence is almost dead.
Terence hits you but does no damage.
Terence drinks a potion.
Terence is healed!
You hit Terence but do no damage.
You tail-slap Terence, but do no damage.
Terence hits you with a +0 flail.
* * * LOW HITPOINT WARNING * * *
You hit Terence but do no damage.
Your tail-slap misses Terence.
Terence misses you.
You feel very mighty all of a sudden. Terence hits you with a +0 flail.
* * * LOW HITPOINT WARNING * * *
You closely miss Terence. Terence barely misses you.
Terence zaps a wand.
The puff of flame hits you!
You die...

..........
#.......#
#.......#
#.......#
#.......#
#......$#
###..)....#
#.@.......#
#@###.#####
#########.#
.#
#.........#
##
#.#########
#.# #.# #.#
#)# #.#


You could see Terence.

Vanquished Creatures
  2 ball pythons
  2 bats (D:1)
  3 endoplasms (D:1)
  A giant cockroach (D:1)
  2 goblins (D:1)
  A hobgoblin (D:2)
  6 kobolds
  5 rats (D:1)
22 creatures vanquished.

Notes
Turn   | Place    | Note
-------+----------+-------------------------------------------
     0 | D:1      | Lekart the Draconian Fighter began the quest for the Orb.
     0 | D:1      | Reached XP level 1. HP: 19/19 MP: 1/1
   431 | D:1      | Reached XP level 2. HP: 7/26 MP: 2/2
  1492 | D:2      | Noticed Terence
  1508 | D:2      | Killed from afar by Terence

Illustrated notes

Levels and vault maps discovered:
D:1:      dpeg_arrival_castle, layout_basic
D:2:      layout_basic, serial_shops, shop,
          hellmonk_ecumenical_altar_heavens_door, uniq_terence

Skill      XL: |  1  2 |
---------------+-------+-----
Dodging        | 3 |  3.0
Fighting       | |  3.7
Long Blades    | |  2.3
Shields        | |  3.1

Action                   || total
-------------------------++-------
Melee: Long sword        ||    69
       Tailslap          ||     3
Throw: Throwing net      ||     1
  Use: Potion            ||     1
Armor: Skin              ||    27
Dodge: Dodged            ||    51
Block: Buckler           ||    12

Table legend: (Time is in decaauts)
 A = Elapsed time spent in this place.
 B = Non-inter-level travel time spent in this place.
 C = Inter-level travel time spent in this place.
 D = Time resting spent in this place.
 E = Time spent auto-exploring this place.
 F = Levels seen in this place.
 G = Mean time per level.
                   A        B        C        D        E       F      G
               +--------+--------+--------+--------+--------+-----+--------+
         Total |   1535 |   1519 |     16 |    228 |   1100 |   2 |  767.5 |
       Dungeon |   1535 |   1519 |     16 |    228 |   1100 |   2 |  767.5 |
               +--------+--------+--------+--------+--------+-----+--------+

Top non-repeatable levels by time:
     D:1: 1469 daAuts
     D:2: 65 daAuts
